 Dungeon Crawl Stone Soup version 0.28-a0-101-g18048e5a82 (webtiles) character file.

Game seed: 9481284129007264418

82 ZenoRockbell the Ruffian (level 4, -2/45 HPs)
             Began as a Troll Monk on Aug 9, 2021.
             Slain by an orc priest (3 damage)
             ... on level 2 of the Dungeon on Aug 10, 2021.
             The game lasted 00:05:16 (971 turns).

ZenoRockbell the Ruffian (Troll Monk)                Turns: 971, Time: 00:05:19

Health: -2/45      AC:  4    Str: 20    XL:     4   Next: 21%
Magic:  3/3        EV: 10    Int:  6    God:
Gold:   69         SH:  0    Dex: 12    Spells: 3/3 levels left

rFire   . . .      SeeInvis .   d - +7 flail (vorpal)
rCold   . . .      Faith    .   (no shield)
rNeg    . . .      Spirit   .   a - +0 robe
rPois   .          Reflect  .   (helmet restricted)
rElec   .          Harm     .   (no cloak)
rCorr   .          Rampage  .   (gloves unavailable)
Will    .....                   (boots unavailable)
Stlth   ++........              (no amulet)
HPRegen 1.15/turn               (no ring)
MPRegen 0.08/turn               (no ring)

@: no status effects
A: large, unfitting armour, claws 3, regeneration 1, shaggy fur 1, tough skin 1
a: no special abilities


You were on level 2 of the Dungeon.
You visited 1 branch of the dungeon, and saw 2 of its levels.

You collected 69 gold pieces.

Inventory:

Hand Weapons
 d - a +7 vorpal flail (weapon)
Armour
 a - a +0 robe (worn)
Scrolls
 c - 2 scrolls of enchant weapon {unknown}
 f - a scroll of teleportation {unknown}
Potions
 b - a potion of heal wounds {unknown}


   Skills:
 * Level 3.0 Fighting
 * Level 0.4 Maces & Flails
 * Level 0.8 Armour
 * Level 3.1 Dodging
 - Level 1.0 Stealth
 - Level 3.5 Unarmed Combat


You had 3 spell levels left.
You didn't know any spells.
Your spell library contained the following spells:

 Spells                   Type           Power      Damage    Failure   Level
 Static Discharge         Conj/Air       0%         N/A       58%         2
 Lightning Bolt           Conj/Air       0%         1d11      100%        5
 Maxwell's Capacitive Co  Air            0%         ∞         100%        8


Dungeon Overview and Level Annotations

Branches:
Dungeon (2/15)

Altars:


Innate Abilities, Weirdness & Mutations

You are too large for most types of armour.
You have claws for hands.
Your natural rate of healing is unusually fast.
You are covered in fur. (AC +1)
You have tough skin. (AC +1)


Message History

You are too confused!
The orc wizard points at you and mumbles some strange words.
You resist with significant effort.
Things that are here:
a +0 dagger; a kobold corpse You bump into the rock wall.
You barely miss the orc wizard.
The orc priest looks braver for a moment.
The orc wizard closely misses you.
You thump the orc wizard!
You kill the orc wizard!
The orc priest looks satisfied for a moment.
Your Fighting skill increases to level 3!
You have reached level 4!
You bump into the rock wall.
The orc priest mumbles some strange prayers to Beogh against you.
Beogh smites you!
The orc priest mumbles some strange prayers to Beogh against you.
Beogh smites you!
The orc priest begins to cast a cantrip, but forgets the words!
You bump into the rock wall.
You feel less confused.
The orc priest invokes the aid of Beogh against you.
Beogh smites you!
* * * LOW HITPOINT WARNING * * *
The orc wizard mumbles some strange words.
The orc wizard flickers and vanishes!
Deactivating autopickup; reactivate with Ctrl-A.
It was a potion of curing.
You feel better.
The orc priest hits you with a +0 dagger.
* * * LOW HITPOINT WARNING * * *
You feel better.
The orc priest begins to cast a cantrip, but forgets the words!
You completely miss the orc priest.
The orc priest hits you with a +0 dagger.
The orc priest invokes the aid of Beogh against you.
Beogh smites you!
* * * LOW HITPOINT WARNING * * *
The orc priest hits you with a +0 dagger.
You die...

##.#...#.#
####......#.#
#...........#
#..........<#
#........####
######.###
#.# #.# #@#
#o# #o# #{o
#o.. ....o
......
.8...8.
#.......#


You could see 3 orc priests and an orc.

Vanquished Creatures
  Terence (D:2)
  An orc wizard (D:2)
  An adder (D:2)
  A dart slug (D:2)
  An orc (D:2)
  3 bats (D:1)
  4 endoplasms
  A giant cockroach (D:1)
  2 goblins (D:2)
  A ball python (D:1)
  A frilled lizard (D:1)
  3 kobolds
  3 rats (D:1)
23 creatures vanquished.

Notes
Turn   | Place    | Note
-------+----------+-------------------------------------------
     0 | D:1      | ZenoRockbell the Troll Monk began the quest for the Orb.
     0 | D:1      | Reached XP level 1. HP: 22/22 MP: 0/0
   240 | D:1      | Reached XP level 2. HP: 29/29 MP: 1/1
   368 | D:1      | Upgraded the game from 0.28-a0-97-g102d6777a4 to
                  | 0.28-a0-101-g18048e5a82
   762 | D:2      | Noticed Terence
   770 | D:2      | Killed Terence
   771 | D:2      | Reached XP level 3. HP: 16/36 MP: 2/2
   967 | D:2      | Reached XP level 4. HP: 45/45 MP: 3/3
   968 | D:2      | HP: 2/45 [orc priest/divine providence (16)]
   971 | D:2      | Slain by an orc priest

Illustrated notes

Levels and vault maps discovered:
D:1:      dpeg_arrival_concentric_ovals, layout_loops_ring,
          minmay_misc_feat_ornament
D:2:      cheibrodos_pilgrimage, layout_basic, serial_shops, shop, uniq_terence

Skill      XL: |  1  2  3 |
---------------+----------+-----
Dodging        | 3 |  3.1
Fighting       | 3 |  3.0
Maces & Flails | |  0.4
Armour         | |  0.8
Stealth        | |  1.0
Unarmed Combat | |  3.5

Action                   |  1- 3 |  4- 6 || total
-------------------------+-------+-------++-------
Melee: Unarmed           |    32 |       ||    32
       Flail             |    11 |     1 ||    12
  Use: Potion            |       |     2 ||     2
 Stab: Sleeping          |     1 |       ||     1
Armor: Robe              |    26 |       ||    26
Dodge: Dodged            |    28 |       ||    28

Table legend: (Time is in decaauts)
 A = Elapsed time spent in this place.
 B = Non-inter-level travel time spent in this place.
 C = Inter-level travel time spent in this place.
 D = Time resting spent in this place.
 E = Time spent auto-exploring this place.
 F = Levels seen in this place.
 G = Mean time per level.
                   A        B        C        D        E       F      G
               +--------+--------+--------+--------+--------+-----+--------+
         Total |    972 |    972 |      0 |      0 |      0 |   2 |  486.0 |
       Dungeon |    972 |    972 |      0 |      0 |      0 |   2 |  486.0 |
               +--------+--------+--------+--------+--------+-----+--------+

Top non-repeatable levels by time:
     D:1: 739 daAuts
     D:2: 232 daAuts
